Match 43641897
Unlisted

Match 43641897
End
Construct Barracks
Selects Advanced Infantry Battlegroup
Riflemen Squad
Riflemen Squad
Construct Weapon Support Center
Sniper
Selects Convert to Ranger Squad
Convert to Ranger Squad
Engineer Squad
Mechanized Support Center
Selects Frontline Medical Station
Frontline Medical Station
.30 cal Machine Gun
Convert to Ranger Squad
Construct Tank Depot
Selects Infantry Assault
Infantry Assault
Selects Ammunition Storage
Frontline Medical Station
Selects M2A1 105mm Howitzer Emplacement
Infantry Assault
M4A1 Sherman Medium Tank
M4A1 76mm Conversion
.30 cal Machine Gun
Selects 155mm Rapid Artillery Barrage
155mm Rapid Artillery Barrage
Infantry Assault
M4A1(76) Sherman Medium Tank
Mortar Pit
xX-GAMER-Xx
huhrmit
GLINOMES
咚咚锵
Yanto
Bigredbot
anioki
korn013
0
0

Comments sign in to comment!

No comments posted yet!